 Dungeon Sprint DCSS version 0.21-a0-150-gc243083 (webtiles) character file.

2037 Lunath the Cleaver (level 9, -15/76 HPs)
             Began as a Formicid Fighter on July 27, 2017.
             Was a High Priest of Qazlal.
             Demolished by Fobuq the pandemonium lord (28 damage)
             ... in the Dungeon (Sprint V: "Ziggurat Sprint").
             The game lasted 00:04:56 (438 turns).

Lunath the Cleaver (Formicid Fighter)                Turns: 438, Time: 00:04:57

Health: -15/76     AC: 28    Str: 23    XL:     9   Next: 48%
Magic:  2/15       EV:  6    Int:  8    God:    Qazlal [*****.]
Gold:   0          SH: 28    Dex: 21    Spells: 8/8 levels left

rFire    + + .     SeeInvis +   M - +14 obsidian axe {chop, +Fly SInv *Curse} (curse)
rCold    + + .     Gourm    .   m - +3 large shield
rNeg     . . .     Faith    .   l - +5 gold dragon scales
rPois    +         Spirit   .   (helmet unavailable)
rElec    .         Reflect  .   (no cloak)
rCorr    .         Harm     .   r - +2 pair of gloves {Dex+3}
MR       +....                  (no boots)
Stlth    ..........             (no amulet)
HPRegen  0.22/turn              j - ring of protection from magic
MPRegen  0.14/turn              k - ring "Kummarer" {rF+ rC+ Dex+7}

@: protected from physical damage, mesmerised, repel missiles
A: permanent stasis, dig shafts and tunnels, four strong arms, antennae 3
a: Dig, Upheaval, Elemental Force, Disaster Area, Renounce Religion, Evoke
Flight


You were in the Dungeon.
You worshipped Qazlal.
Qazlal was extremely pleased with you.
You were not hungry.

You visited 1 branch

Inventory:

Hand Weapons
 a - a +0 war axe
 n - a +5 executioner's axe of freezing
 M - the cursed +14 obsidian axe (weapon) {chop, +Fly SInv *Curse}
   (You found it in the Dungeon)

   It inflicts extra damage upon your enemies.
   It lets you see invisible.
   It lets you fly.
   It curses itself when equipped.
   It has a curse placed upon it.
Armour
 b - a +0 scale mail
 c - a +0 shield
 l - +5 gold dragon scales (worn)
 m - a +3 large shield (worn)
 r - a +2 pair of gloves of dexterity (worn)
Jewellery
 j - a ring of protection from magic (left hand)
 k - the ring "Kummarer" (right hand) {rF+ rC+ Dex+7}
   (You found it in the Dungeon)

   [ring of protection from cold]

   It affects your dexterity (+7).
   It protects you from fire.
   It protects you from cold.
Wands
 C - a wand of disintegration (7/24)
 D - a wand of iceblast (5/15)
 E - a wand of lightning (5/15)
 F - a wand of acid (5/15)
Scrolls
 t - 4 scrolls of amnesia
 u - 3 scrolls of recharging
 v - 7 scrolls of fog
 w - a scroll of holy word
 x - 5 scrolls of identify
 y - 5 scrolls of remove curse
 z - 2 scrolls of fear
Potions
 d - 6 potions of might
 e - 10 potions of curing
 g - 10 potions of heal wounds
 i - 7 potions of magic
 o - 2 potions of brilliance
 p - 2 potions of invisibility
 q - 4 potions of resistance
 s - 5 potions of agility
Comestibles
 f - 5 bread rations
 h - 14 chunks of flesh
 A - 42 fruits
 B - 4 meat rations


   Skills:
 + Level 9.2 Fighting
 * Level 11.2 Axes
 + Level 9.2 Armour
 + Level 6.9 Dodging
 + Level 10.1 Shields
 + Level 9.3 Invocations


You had 8 spell levels left.
You didn't know any spells.

Dungeon Overview and Level Annotations

Branches:
Dungeon (1/1)

Altars:
Ashenzari
Cheibriados
Dithmenos
Elyvilon
Fedhas
Gozag
Hepliaklqana
Kikubaaqudgha
Makhleb
Nemelex Xobeh
Okawaru
Qazlal
Ru
Sif Muna
Trog
Uskayaw
Vehumet
Wu Jian
Xom
Yredelemnul
Zin
The Shining One
Beogh
Jiyva
Lugonu

Annotations:
D 1 transporter


Innate Abilities, Weirdness & Mutations

You cannot be hasted, slowed, berserked, paralysed or teleported.
You can dig through walls and to a lower floor.
Your four strong arms can wield two-handed weapons with a shield.
You have a pair of large antennae on your head. (SInv)


Message History

You feel protected from physical attacks.
The Executioner hits you but does no damage.
The Executioner barely misses you. Fobuq completely misses you.
The Executioner hits you but does no damage. x3
You slash Fobuq!
Fobuq is moderately wounded.
You barely miss the Executioner.
Visions of slaying Fobuq flood into your mind.
You block the Executioner's attack.
The Executioner hits you but does no damage.
You block the Executioner's attack. x2
The Executioner hits you but does no damage.
The Executioner hits you.
* * * LOW HITPOINT WARNING * * *
You feel more protected from physical attacks.
Fobuq hits you.
* * * LOW HITPOINT WARNING * * *
The Executioner hits you but does no damage. x3
Fobuq hits you!!
You die...

▓▓▓▓▓▓▓▓▓
▓..8©8..▓
{
▓.."))..▓
▓..".[..▓
▓.......▓
▓..|≈...▓
▓.§§....▓
▓.§§&1..▓
▓.▓.@.▓.▓
{▓...©...▓
▓▓▓▓▓▓▓▓▓


{{{{{ {{{{ You could see Fobuq (invisible) and an Executioner.

Vanquished Creatures
  A spriggan druid (D)
  4 spriggans (D)
  2 hell hounds (D)
  3 black bears (D)
  2 wolves (D)
  2 crimson imps (D)
  3 orc wizards (D)
  2 orc priests (D)
  An iron imp (D)
  2 adders (D)
  A white imp (D)
  3 ufetubi (D)
  An adder skeleton (D)
  2 ball pythons (D)
29 creatures vanquished.

Vanquished Creatures (others)
  A spatial maelstrom (D)
1 creature vanquished.

Grand Total: 30 creatures vanquished

Notes
Turn   | Place    | Note
-------+----------+-------------------------------------------
     0 | D        | Lunath the Formicid Fighter began the quest for the Orb.
     0 | D        | Reached XP level 1. HP: 18/18 MP: 1/1
     7 | D        | Banished a spatial maelstrom
    13 | D        | Found a blossoming altar of Fedhas.
    18 | D        | Banished a spatial maelstrom
    25 | D        | Found a viscous altar of Jiyva.
    25 | D        | Found a hazy altar of Hepliaklqana.
    25 | D        | Found a transporter.
    25 | D        | Found an opulent altar of Gozag.
    25 | D        | Found an ancient bone altar of Kikubaaqudgha.
    25 | D        | Found a corrupted altar of Lugonu.
    30 | D        | Found a burning altar of Makhleb.
    33 | D        | Found a deep blue altar of Sif Muna.
    33 | D        | Found a sacrificial altar of Ru.
    33 | D        | Found a bloodstained altar of Trog.
    33 | D        | Found a stormy altar of Qazlal.
    33 | D        | Found an iron altar of Okawaru.
    33 | D        | Found a sparkling altar of Nemelex Xobeh.
    58 | D        | Became a worshipper of Qazlal Stormbringer
    66 | D        | Reached skill level 4 in Axes
    66 | D        | Reached XP level 2. HP: 26/26 MP: 1/4
   100 | D        | Entered arena 2.
   100 | D        | Noticed a hell hound
   100 | D        | Found a transporter.
   105 | D        | Killed a hell hound
   105 | D        | Reached skill level 5 in Fighting
   105 | D        | Reached skill level 6 in Axes
   105 | D        | Reached skill level 5 in Armour
   105 | D        | Reached XP level 3. HP: 33/33 MP: 4/6
   105 | D        | Reached XP level 4. HP: 39/39 MP: 4/7
   105 | D        | Reached XP level 5. HP: 44/44 MP: 4/8
   141 | D        | Entered arena 3.
   141 | D        | Noticed a hell hound
   141 | D        | Found a transporter.
   143 | D        | Reached * piety under Qazlal
   147 | D        | Killed a hell hound
   147 | D        | Reached skill level 7 in Axes
   147 | D        | Reached skill level 5 in Invocations
   147 | D        | Reached XP level 6. HP: 28/52 MP: 8/10
   287 | D        | Entered arena 4.
   287 | D        | Found a transporter.
   290 | D        | Reached ** piety under Qazlal
   314 | D        | Entered arena 5.
   314 | D        | Noticed a black bear
   314 | D        | Noticed a spriggan
   314 | D        | Noticed a spriggan
   314 | D        | Noticed a black bear
   314 | D        | Found a transporter.
   315 | D        | Killed a spriggan
   315 | D        | Reached *** piety under Qazlal
   315 | D        | Reached skill level 8 in Axes
   315 | D        | Reached XP level 7. HP: 59/59 MP: 11/11
   317 | D        | Reached skill level 5 in Dodging
   321 | D        | Killed a spriggan
   321 | D        | Reached skill level 9 in Axes
   321 | D        | Reached XP level 8. HP: 59/68 MP: 7/13
   337 | D        | Entered arena 6.
   337 | D        | Found a transporter.
   340 | D        | Reached **** piety under Qazlal
   356 | D        | Got the ring "Kummarer" {rF+ rC+ Dex+7}
   391 | D        | Entered arena 7.
   391 | D        | Noticed a spriggan druid
   391 | D        | Noticed a spriggan
   391 | D        | Noticed a spriggan
   392 | D        | Found a transporter.
   396 | D        | Killed a spriggan
   396 | D        | Reached ***** piety under Qazlal
   396 | D        | Reached skill level 10 in Axes
   398 | D        | Killed a spriggan
   399 | D        | Killed a spriggan druid
   399 | D        | Reached skill level 11 in Axes
   399 | D        | Reached XP level 9. HP: 66/76 MP: 13/15
   402 | D        | Reached skill level 10 in Shields
   429 | D        | Entered arena 8.
   429 | D        | Noticed Fobuq the pandemonium lord
   430 | D        | Found a transporter.
   430 | D        | Noticed an Executioner
   438 | D        | Demolished by Fobuq the pandemonium lord

Vault maps used:
D:        sprint_v

Skill      XL: |  1  2  3  4  5  6  7  8  9 |
---------------+----------------------------+-----
Fighting       | 4 5 6 7 9 |  9.2
Axes           | 4 6 7 8 9 11 | 11.2
Armour         | 4 5 6 7 9 |  9.2
Dodging        | 2 3 4 5 6 |  6.9
Shields        | 4 6 7 8 9 10 | 10.1
Invocations    | 3 4 5 6 7 9 |  9.3

Action                   |  1- 3 |  4- 6 |  7- 9 || total
-------------------------+-------+-------+-------++-------
Melee: Broad axe         |     4 |    15 |    27 ||    46
Invok: Upheaval          |       |       |     2 ||     2
       Disaster Area     |       |       |     2 ||     2
  Use: Potion            |     1 |       |       ||     1
       Scroll            |       |     1 |     1 ||     2
Armor: Gold dragon scale |     5 |     8 |    34 ||    47
Dodge: Dodged            |       |     1 |     8 ||     9
Block: Large shield      |     3 |    21 |    58 ||    82
